 Dungeon Crawl Stone Soup version 0.20.1-1-g8b1a95d (webtiles) character file.

1140 dohliylev the Jinx (level 8, 0/52 HPs)
             Began as a Vampire Enchanter on Dec 13, 2017.
             Was a Follower of Makhleb.
             Slain by an orc
             ... wielding a +0 hand axe
              (7 damage)
             ... on level 5 of the Dungeon.
             The game lasted 00:22:06 (7460 turns).

dohliylev the Jinx (Vampire Enchanter)              Turns: 7460, Time: 00:22:06

Health: 0/52       AC:  3    Str: 11    XL:     8   Next: 14%
Magic:  10/14      EV: 14    Int: 17    God:    Makhleb [*.....]
Gold:   242        SH:  0    Dex: 17    Spells: 3/15 levels left

rFire    . . .     SeeInvis +   a - +1 dagger
rCold    + . .     Gourm    .   (no shield)
rNeg     + + .     Faith    .   b - +0 robe
rPois    +         Spirit   .   k - +0 helmet
rElec    .         Reflect  .   (no cloak)
rCorr    .         Harm     .   (no gloves)
MR       .....                  (no boots)
Stlth    +++++.....             (no amulet)
Regen    0.1/turn               e - +4 ring of strength
MPRegen  0.2/turn               (no ring)

@: regenerating slowly
A: fangs 3, see invisible, unbreathing
a: Bat Form, Renounce Religion


You were on level 5 of the Dungeon.
You worshipped Makhleb.
Makhleb was aware of your devotion.
You were thirsty.

You visited 2 branches of the dungeon, and saw 7 of its levels.

You collected 242 gold pieces.

Inventory:

Hand Weapons
 a - a +1 dagger (weapon)
Armour
 b - a +0 robe (worn)
 k - a +0 helmet (worn)
Jewellery
 e - a +4 ring of strength (left hand)
Wands
 t - a wand of flame (21/48)
Scrolls
 i - 4 scrolls of remove curse
 j - 2 scrolls of enchant armour
 m - 4 scrolls of teleportation
 n - a scroll of magic mapping
 q - a scroll of amnesia {unknown}
 r - a scroll of identify
Potions
 d - 4 potions of blood
 f - 5 potions of curing
 g - a potion of lignification
 h - a potion of agility {unknown}
 l - 2 potions of heal wounds {unknown}
 o - a potion of brilliance {unknown}
 p - a potion of mutation {unknown}
 s - a potion of invisibility {unknown}
Books
 c - a book of Maledictions

   Spells                             Type                      Level
   a - Corona                         Hexes                        1
   b - Ensorcelled Hibernation        Hexes/Ice                    2
   c - Confuse                        Hexes                        3
   d - Tukima's Dance                 Hexes                        3
   e - Dazzling Spray                 Conjuration/Hexes            3


   Skills:
 - Level 0.1 Fighting
 - Level 1.1 Short Blades
 + Level 3.5 Dodging
 - Level 8.0 Stealth
 - Level 4.0 Spellcasting
 - Level 8.4 Hexes
 - Level 5.0 Ice Magic


You had 3 spell levels left.
You knew the following spells:

 Your Spells              Type           Power        Failure   Level  Hunger
a - Corona                Hex            ####...      1%          1    None
b - Ensorcelled Hibernat  Hex/Ice        ####..       1%          2    ##.....
c - Confuse               Hex            ####....     1%          3    ###....
d - Tukima's Dance        Hex            ####....     1%          3    ###....
e - Dazzling Spray        Conj/Hex       ###...       9%          3    ###....


Dungeon Overview and Level Annotations

Branches:
Dungeon (6/15)             Temple (1/1) D:4

Altars:
Cheibriados
Dithmenos
Elyvilon
Hepliaklqana
Makhleb
Nemelex Xobeh
Qazlal
Vehumet
Yredelemnul
Zin

Shops:
D:4 *


Innate Abilities, Weirdness & Mutations

You heal slowly.
You have razor-sharp teeth.
You have supernaturally acute eyesight. (SInv)
You can survive without breathing.


Message History

There is a stone staircase leading up here.
Casting: Ensorcelled Hibernation
Confirm with . or Enter, or press ? or * to list all spells.
Aiming: Ensorcelled Hibernation
Press: ? - help, Shift-Dir - straight line, f - orc warrior
Aim: an orc warrior, wielding a long sword of holy wrath and wearing a plate armour (heavily wounded, chance to defeat MR: 55%)
The orc warrior resists with significant effort.
The orc warrior hits you with a long sword of holy wrath!!
* * * LOW HITPOINT WARNING * * *
You convulse!
* * * LOW HITPOINT WARNING * * *
You climb upwards.
There is a stone staircase leading down here.
Casting: Ensorcelled Hibernation
Confirm with . or Enter, or press ? or * to list all spells.
Aiming: Ensorcelled Hibernation
Press: ? - help, Shift-Dir - straight line, f - orc warrior
Aim: an orc warrior, wielding a long sword of holy wrath and wearing a plate armour (heavily wounded, chance to defeat MR: 55%)
The orc warrior looks drowsy...
The orc hits you with a hand axe!
You die...

##...##...##(#.#.#)#.#.## #
############.#.#.#.#[#.# #
##.#.#.#.#.#.#.#[#.#.#(## #
#.#.#.#.#.#.#.#.#.#.#.#.###
##.#.#.#.#.#.#.#.#.#.#.###.
#.#.#.#.#.#.#.#.#.#.#.#.##.
##.#.#.#.##.##.#.#.#.#.#..(
#.#.#.#..##o..#.#.#.#.#.#.#
##.#.#.##.@###.#.#.#.#.##.#
###.#.#.###o.##.#.#.#.#.#.#.#
#..#.#.#...##....#.#.#.#.##.#
#####.#.#.#.##.##.#.#.#.#.#.#...#
.......#.#.#.#.#.#.#.#.#.#.#.####
##...(..#.#.#.#.#.#.#.#.#.#.#.# #
#.##.##.#.#.#.#.#.#.#..%#.#.## #
#.##.#.#.#.#.#.#.#.#.#.#.#.#.# #
#รท##.##.#.#.#.#.#.#^#.#.#.#.## #


You could see an orc warrior (sleeping) and an orc.

Vanquished Creatures
  An orc warrior (D:5)
  2 ogres (D:4)
  A centaur (D:5)
  Blork the orc (D:5)
  2 scorpions (D:5)
  2 howler monkeys
  A jelly (D:5)
  3 crimson imps (D:5)
  A hound (D:5)
  3 orc wizards (D:5)
  2 bullfrog skeletons (D:5)
  An iguana (D:6)
  2 worker ants (D:5)
  A worker ant zombie (D:5)
  4 adders
  3 oozes
  5 worms
  2 dart slugs
  2 leopard geckos
  15 orcs
  2 ball pythons (D:1)
  7 giant cockroaches
  8 goblins
  7 hobgoblins
  6 jackals (D:1)
  3 quokkas
  4 bats
  7 frilled lizards
  2 jackal skeletons
  8 kobolds
  A leopard gecko skeleton (D:4)
  A leopard gecko zombie (D:5)
  10 rats
  A plant (D:5)
121 creatures vanquished.

Vanquished Creatures (others)
  A quokka (D:4)
1 creature vanquished.

Grand Total: 122 creatures vanquished

Notes
Turn   | Place    | Note
-------+----------+-------------------------------------------
     0 | D:1      | dohliylev the Vampire Enchanter began the quest for the Orb.
     0 | D:1      | Reached XP level 1. HP: 13/13 MP: 3/3
   143 | D:1      | Reached skill level 5 in Stealth
   385 | D:1      | Reached XP level 2. HP: 13/19 MP: 1/5
   396 | D:1      | Learned a level 2 spell: Ensorcelled Hibernation
  1181 | D:1      | Reached XP level 3. HP: 24/24 MP: 1/6
  1189 | D:1      | Learned a level 3 spell: Confuse
  2659 | D:2      | Reached XP level 4. HP: 30/30 MP: 4/7
  3835 | D:3      | You fall through a shaft!
  3859 | D:5      | Entered Level 5 of the Dungeon
  3925 | D:5      | Found a sparkling altar of Nemelex Xobeh.
  4203 | D:5      | Noticed an orc warrior
  4216 | D:5      | Reached XP level 5. HP: 35/35 MP: 0/9
  4297 | D:5      | Killed an orc warrior
  4450 | D:5      | Noticed a centaur
  4452 | D:5      | Reached skill level 5 in Hexes
  4452 | D:5      | Reached XP level 6. HP: 41/41 MP: 12/12
  4566 | D:4      | Found a staircase to the Ecumenical Temple.
  4578 | Temple   | Entered the Ecumenical Temple
  4594 | Temple   | Became a worshipper of Makhleb the Destroyer
  5371 | D:4      | Found a white marble altar of Elyvilon.
  5410 | D:4      | Found Rueteul's Assorted Antiques.
  5856 | D:5      | Reached XP level 7. HP: 46/46 MP: 9/13
  5914 | D:5      | Reached skill level 1 in Ice Magic
  6196 | D:5      | Learned a level 3 spell: Tukima's Dance
  6200 | D:5      | Learned a level 3 spell: Dazzling Spray
  6727 | D:5      | Reached * piety under Makhleb
  6949 | D:5      | Noticed Blork the orc
  6952 | D:5      | Killed Blork the orc
  6984 | D:5      | Reached XP level 8. HP: 52/52 MP: 9/14
  7066 | D:5      | Reached skill level 5 in Ice Magic
  7460 | D:5      | Slain by an orc

Skill      XL: |  1  2  3  4  5  6  7  8 |
---------------+-------------------------+-----
Stealth        | 5 6 7 8 |  8.0
Spellcasting   | 4 |  4.0
Hexes          | 5 8 |  8.4
Ice Magic      | 4 5 |  5.0
Dodging        | 3 |  3.5
Fighting       | |  0.1
Short Blades   | |  1.1

Action                   |  1- 3 |  4- 6 |  7- 9 || total
-------------------------+-------+-------+-------++-------
Melee: Dagger            |   104 |    71 |    69 ||   244
       Bite              |     6 |     2 |     4 ||    12
       Unarmed           |       |     2 |       ||     2
 Cast: Corona            |     7 |     2 |     1 ||    10
       Ensorcelled Hiber |    30 |    41 |    41 ||   112
       Confuse           |       |     4 |     4 ||     8
 Abil: End Transformatio |       |     2 |       ||     2
       Bat Form          |       |     2 |       ||     2
  Use: Scroll            |     2 |     5 |       ||     7
       Potion            |     2 |     5 |     2 ||     9
 Stab: Sleeping          |    25 |    42 |    26 ||    93
       Confused          |       |     1 |     1 ||     2
  Eat: Corpse            |     5 |     4 |     2 ||    11
Armor: Robe              |    21 |     4 |     5 ||    30
Dodge: Dodged            |    54 |    40 |    30 ||   124
